 Dungeon Crawl Stone Soup version 0.30-a0-719-gcc4359ea44 (webtiles) character file.

Game seed: 7440334291067440107

52702 Darius099 the Grappler (level 13, -9/133 HPs)
             Began as a Troll Monk on Jan 27, 2023.
             Was the Champion of Jiyva.
             Mangled by a harpy (13 damage)
             ... on level 2 of the Lair of Beasts.
             The game lasted 00:42:34 (13339 turns).

Darius099 the Grappler (Troll Monk)                Turns: 13339, Time: 00:42:35

Health: -9/133     AC: 17    Str: 29    XL:     13   Next: 70%
Magic:  12/12      EV:  6    Int:  5    God:    Jiyva [******]
Gold:   528        SH:  0    Dex: 10    Spells: 12/12 levels left

rFire   + + +      SeeInvis +      - Unarmed
rCold   + + .      Faith    .    (no shield)
rNeg    . . .      Spirit   .    K - +1 gold dragon scales of Syxaerep {rElec rPois rF+ rC+ Will+ Dex-5}
rPois   +          Reflect  .    b - +2 hat {Will+}
rElec   +          Harm     .    a - +0 cloak
rCorr   +          Rampage  .    (gloves unavailable)
Will    +++..                    (boots unavailable) Stlth
                                 P - amulet of regeneration
HPRegen 3.62/turn                r - ring of Maicvoph {Wiz Will+ Str+3}
MPRegen 0.63/turn                A - ring of protection from fire

@: no status effects
A: large, unfitting armour, claws 3, regeneration 1, shaggy fur 1, tough skin 1,
hooves 3, see invisible, cold resistance 1, fire resistance 2, strong 1,
pseudopods 1, translucent skin 2, jelly sensing items
}: 1/15 runes: slimy
a: Renounce Religion, Oozemancy, Slimify


You were on level 2 of the Lair of Beasts.
You worshipped Jiyva.
Jiyva was exalted by your worship.
You visited 3 branches of the dungeon, and saw 20 of its levels.
You also visited: Sewer and Bailey.

You collected 548 gold pieces.
You spent 20 gold pieces at shops.

Inventory:

Hand Weapons
 I - the +7 Throatcutter {drain, coup de grace}
   (You found it on level 9 of the Dungeon)
 M - a +1 triple sword of flaming
Missiles
 L - 3 large rocks (quivered)
 T - 3 throwing nets
Armour
 a - a +0 cloak (worn)
 b - a +2 hat of willpower (worn)
 f - a +0 robe of cold resistance
 q - a +2 robe of fire resistance
 v - a +0 troll leather armour
 K - the +1 gold dragon scales of Syxaerep (worn) {rElec rPois rF+ rC+ Will+ Dex-5}
   (You found it in a bailey)

   Dex:       It affects your dexterity (-5).
   rF:        It protects you from fire.
   rC:        It protects you from cold.
   rElec:     It insulates you from electricity.
   rPois:     It protects you from poison.
   Will:      It increases your willpower.
Jewellery
 r - the ring of Maicvoph (left claw) {Wiz Will+ Str+3}
   (You found it on level 5 of the Dungeon)

   [ring of wizardry]

   It improves your spell success rate.
   Str:       It affects your strength (+3).
   Will:      It increases your willpower.
 A - a ring of protection from fire (right claw)
 N - a ring of fire
 P - an amulet of regeneration (around neck)
 R - a ring of ice
Wands
 h - a wand of flame (37)
 s - a wand of paralysis (19)
 G - a wand of polymorph (10)
 J - a wand of roots (5)
Scrolls
 e - 3 scrolls of immolation
 g - 4 scrolls of acquirement
 k - 3 scrolls of teleportation {unknown}
 m - a scroll of enchant weapon {unknown}
 n - a scroll of butterflies {unknown}
 u - 4 scrolls of blinking
 w - a scroll of noise {unknown}
 x - a scroll of fear {unknown}
 y - a scroll of magic mapping {unknown}
 z - 2 scrolls of amnesia {unknown}
 F - a scroll of enchant armour {unknown}
 H - 2 scrolls of poison {unknown}
 O - 2 scrolls of identify
Potions
 c - 2 potions of magic {unknown}
 d - a potion of flight {unknown}
 i - 2 potions of attraction
 j - 4 potions of invisibility
 p - a potion of lignification {unknown}
 t - 3 potions of mutation {unknown}
 B - a potion of resistance
 C - 2 potions of might {unknown}
 D - 2 potions of cancellation {unknown}
 E - 2 potions of brilliance {unknown}
 Q - 2 potions of haste
 S - a potion of ambrosia


   Skills:
 - Level 10.2 Fighting
 - Level 6.5 Long Blades
 + Level 9.9 Armour
 - Level 10.2 Dodging
 - Level 1.0 Stealth
 - Level 11.3 Unarmed Combat


You had 12 spell levels left.
You didn't know any spells.
Your spell library contained the following spells:

 Spells                   Type           Power      Damage    Failure   Level
 Apportation              Tloc           0%         N/A       99%         1
 Kiss of Death            Conj/Necr      0%         2d5       99%         1
 Blink                    Tloc           0%         N/A       100%        2
 Lesser Beckoning         Tloc           0%         N/A       100%        2
 Momentum Strike          Conj/Tloc      0%         3d8       100%        2
 Vhi's Electric Charge    Tloc/Air       0%         N/A       100%        3
 Blade Hands              Tmut           0%         N/A       100%        5
 Irradiate                Conj/Tmut      0%         3d11      100%        5
 Dragon Form              Tmut           0%         N/A       100%        7
 Storm Form               Tmut/Air       0%         N/A       100%        7
 Disjunction              Tloc           0%         N/A       100%        8


Dungeon Overview and Level Annotations

Branches:
Dungeon (11/15)            Temple (0/1) D:5            Lair (4/5) D:9
 Spider (0/4) Lair:3        Slime (5/5) Lair:4          Orc (0/2) D:10
  Sewer (visited)          Bailey (visited)
  Swamp: Lair:2-3    Shoals: Lair:2-3

Altars:
Cheibriados
Gozag
Qazlal
Uskayaw
Wu Jian
Xom
Zin
Jiyva

Shops:
D:7 *   D:11 (*

Portals:
Trove: D:10 (give +5 ice dragon scales)
Ice
Cave: D:11

Annotations:
D:5 2 transporters
Slime:5 Royal Jelly


Innate Abilities, Weirdness & Mutations

You are too large for most types of armour.
You have claws for hands.
Your natural rate of healing is unusually fast.
You are covered in fur. (AC +1)
You have tough skin. (AC +1)
You have hooves in place of feet.
You have supernaturally acute eyesight. (SInv)
Your flesh is cold resistant. (rC+)
Your flesh is very heat resistant. (rF++)
Your muscles are strong. (Str +4, Int/Dex -1)
Armour fits poorly on your pseudopods.
Your translucent skin reduces your foes' accuracy. (Stealth+)
You have a small jelly attached to you that senses nearby items.


Message History

The harpy claws you.
* * * LOW HITPOINT WARNING * * *
The harpy claws you but does no damage.
You feel much better. The harpy closely misses you.
The harpy claws you but does no damage.
The harpy claws the plant.
The plant begins to die.
The harpy claws the plant!
The harpy barely misses you. x2; The harpy claws you but does no damage. x3
The harpy claws you! The harpy closely misses you. The harpy claws you!
* * * LOW HITPOINT WARNING * * *
The harpy claws you but does no damage. x2
The harpy claws you!
* * * LOW HITPOINT WARNING * * *
The harpy claws you but does no damage. The harpy claws you.
* * * LOW HITPOINT WARNING * * *
The harpy claws you.
* * * LOW HITPOINT WARNING * * *
The harpy claws you.
* * * LOW HITPOINT WARNING * * *
The harpy claws you but does no damage. The harpy attacks as you move away!
The harpy claws you but does no damage. The harpy barely misses you.
A nearby plant withers and dies.
The harpy claws you.
* * * LOW HITPOINT WARNING * * *
The harpy claws you but does no damage. The harpy claws you.
* * * LOW HITPOINT WARNING * * *
The harpy claws you but does no damage. The harpy claws you.
* * * LOW HITPOINT WARNING * * *
The harpy claws you.
* * * LOW HITPOINT WARNING * * *
There is an escape hatch in the floor, spattered with blood here.
You feel better. The harpy claws you.
* * * LOW HITPOINT WARNING * * *
The harpy claws you.
* * * LOW HITPOINT WARNING * * *
The harpy barely misses you. The harpy claws you!
* * * LOW HITPOINT WARNING * * *
The harpy claws you but does no damage. The harpy barely misses you.
The yak gores you but does no damage. The harpy claws you!
You die...

#...............##†.....$..
#.J..........####..........
##............## ##......~~~
#.#......#.....## #...?.~~~~
###.......##..Y.#####...~#.#
##.........#..Y#.# .#~~. .
##P..........#...## #..~#.
.#...........#.YY##
.............#.H@H##.
...........##...H....#
##............H.⌠....#
##P..#..##....####.....#
####..####...#######.... .#
#..# #...####.## #... .#
##.###....##...###... .#
#................... .#
#.#⌠.....⌠..<..⌠....


You could see 4 yaks and 4 harpies.

Vanquished Creatures
  Gastronok (Lair:1)
  Snorg (Lair:3)
  Josephine (Lair:4)
  2 hydras (Lair:3)
  3 two-headed ogres
  6 death yaks (Lair:3)
  3 boulder beetles
  The ghost of Bediveer the Transmogrifier, a novice DrTm of Wu Jian (D:9)
  A harpy (Lair:2)
  Pikel (D:5)
  A lindwurm (Lair:3)
  A wolf spider (Lair:3)
  An ugly thing (D:8)
  Maurice (D:10)
  A cyclops (D:11)
  A black mamba (Lair:3)
  8 cane toads
  An elephant (D:9)
  A torpor snail (Lair:3)
  A gargoyle (D:11)
  4 kobold demonologists
  3 rime drakes
  5 komodo dragons
  2 polar bears
  4 trolls
  2 hornets (D:10)
  3 vampires
  39 yaks
  5 wraiths
  4 wyverns
  An unseen horror simulacrum (D:9)
  A shadow (D:10)
  4 steam dragons
  5 basilisks
  2 vampire mosquitoes (D:11)
  Edmund (D:5)
  11 water moccasins
  A sky beast (D:7)
  16 orc warriors
  4 ice beasts
  A black bear (Lair:1)
  2 ogres
  3 wolves (Lair:3)
  4 centaurs
  3 phantoms
  9 kobold brigands
  Blork the orc (D:5)
  9 bullfrogs
  A scorpion (D:5)
  2 necrophages
  6 wights
  30 killer bees
  4 electric eels (Bailey)
  A wyvern simulacrum (D:9)
  3 hounds
  8 orc priests
  A gnoll bouda (D:7)
  Ijyb (D:5)
  8 orc wizards
  A spriggan simulacrum (D:11)
  3 troll simulacra (D:11)
  8 gnolls
  9 adders
  5 river rats
  5 white imps
  A howler monkey simulacrum (D:9)
  2 ufetubi (D:6)
  A worm (D:2)
  2 dart slugs (D:3)
  31 orcs
  2 endoplasms (D:1)
  8 giant cockroaches
  9 hobgoblins
  3 jackals (D:3)
  3 quokkas
  13 ball pythons
  2 bats (D:1)
  5 frilled lizards
  18 goblins
  48 kobolds
  27 rats
457 creatures vanquished.

Vanquished Creatures (collateral kills)
  A necrophage (D:5)
  An iguana (D:5)
  2 adders (D:5)
  A worm (D:5)
  An orc (D:5)
6 creatures vanquished.

Vanquished Creatures (others)
  2 yaks
  A black bear (D:8)
  2 kobold brigands (D:5)
  2 bullfrogs
  A hound (D:4)
  30 jellies
  2 orc wizards
  An adder (D:4)
  A shadow imp (D:8)
  A worm (D:3)
  4 orcs
  An endoplasm (D:4)
  A hobgoblin (D:3)
  7 kobolds
  A butterfly (Lair:2)
  21 fungi
  65 plants
143 creatures vanquished.

Grand Total: 606 creatures vanquished

Notes
Turn   | Place    | Note
-------+----------+-------------------------------------------
     0 | D:1      | Darius099 the Troll Monk began the quest for the Orb.
     0 | D:1      | Reached XP level 1. HP: 22/22 MP: 0/0
    90 | D:1      | Reached XP level 2. HP: 25/29 MP: 1/1
   373 | D:1      | Found a faded altar of an unknown god.
   381 | D:1      | Reached skill level 4 in Unarmed Combat
   414 | D:1      | Prayed at the altar of an unknown god.
   414 | D:1      | Became a worshipper of Jiyva Jobostad the Shapeless
   414 | D:1      | Reached * piety under Jiyva
   414 | D:1      | Reached ** piety under Jiyva
   704 | D:1      | Reached *** piety under Jiyva
   709 | D:1      | Reached XP level 3. HP: 36/36 MP: 2/2
  1155 | D:2      | Found a glowing silver altar of Zin.
  1177 | D:2      | Reached XP level 4. HP: 44/44 MP: 3/3
  1303 | D:2      | Reached skill level 5 in Unarmed Combat
  1445 | D:3      | Gained mutation: Your translucent skin slightly reduces
                  | your foes' accuracy. (Stealth+) [Jiyva's grace]
  1445 | D:3      | Gained mutation: Your translucent skin reduces your foes'
                  | accuracy. (Stealth+) [Jiyva's grace]
  1445 | D:3      | Gained mutation: Your transparent skin significantly
                  | reduces your foes' accuracy. (Stealth+) [Jiyva's grace]
  1445 | D:3      | Gained mutation: You have supernaturally acute eyesight.
                  | (SInv) [Jiyva's grace]
  1542 | D:3      | Found a shimmering altar of Xom.
  1573 | D:3      | Reached **** piety under Jiyva
  1600 | D:3      | Noticed a +0 hand axe
  1600 | D:3      | Noticed a +0 hand axe
  1604 | D:3      | Found a hide-covered altar of Uskayaw.
  1946 | D:4      | Noticed an ice beast
  1957 | D:4      | Killed an ice beast
  1958 | D:4      | Reached XP level 5. HP: 37/50 MP: 4/4
  2000 | D:4      | Reached skill level 6 in Unarmed Combat
  2548 | D:5      | Entered Level 5 of the Dungeon
  2548 | D:5      | Reached ***** piety under Jiyva
  2576 | D:5      | Noticed an ogre
  2584 | D:5      | Killed an ogre
  2585 | D:5      | Reached skill level 7 in Unarmed Combat
  2585 | D:5      | Reached XP level 6. HP: 31/59 MP: 5/5
  2602 | D:5      | Reached skill level 8 in Unarmed Combat
  2602 | D:5      | Reached XP level 7. HP: 58/66 MP: 6/6
  2603 | D:5      | Noticed Pikel
  2608 | D:5      | Noticed Blork the orc
  2619 | D:5      | Killed Pikel
  2620 | D:5      | Reached skill level 9 in Unarmed Combat
  2624 | D:5      | Killed Blork the orc
  2625 | D:5      | Reached XP level 8. HP: 22/74 MP: 7/7
  2629 | D:5      | Reached skill level 10 in Unarmed Combat
  2680 | D:5      | Noticed Ijyb
  2696 | D:5      | Identified the ring of Maicvoph {Wiz Will+ Str+3}
  2708 | D:5      | Noticed Edmund
  2715 | D:5      | Killed Edmund
  2740 | D:5      | Killed Ijyb
  2828 | D:5      | Found a staircase to the Ecumenical Temple.
  2876 | D:5      | Gained mutation: Your flesh is cold resistant. (rC+)
                  | [Jiyva's grace]
  2876 | D:5      | Gained mutation: Your flesh is very cold resistant. (rC++)
                  | [Jiyva's grace]
  2876 | D:5      | Gained mutation: Your flesh is almost immune to the effects
                  | of cold. (rC+++) [Jiyva's grace]
  2876 | D:5      | Gained mutation: You are agile. (Dex +4, Str/Int -1)
                  | [Jiyva's grace]
  2902 | D:5      | Found a transporter.
  2902 | D:5      | Found a transporter.
  2902 | D:5      | Noticed a komodo dragon
  2904 | D:5      | Noticed a hornet
  3019 | D:5      | Found an opulent altar of Gozag.
  3021 | D:5      | Found an ornate altar of the Wu Jian Council.
  3299 | D:6      | Reached skill level 11 in Unarmed Combat
  3498 | D:6      | Found a glowing drain.
  3512 | Sewer    | Entered a sewer
  4179 | D:6      | Found a snail-covered altar of Cheibriados.
  4498 | D:6      | Found a stormy altar of Qazlal.
  4658 | D:6      | Reached XP level 9. HP: 83/83 MP: 8/8
  4876 | D:7      | Found Podur's General Store.
  4921 | D:7      | Bought a scroll of identify for 20 gold pieces
  5010 | D:7      | Lost mutation: You are agile. (Dex +4, Str/Int -1) [Jiyva's
                  | grace]
  5010 | D:7      | Lost mutation: Your transparent skin significantly reduces
                  | your foes' accuracy. (Stealth+) [Jiyva's grace]
  5010 | D:7      | Gained mutation: Your flesh is heat resistant. (rF+)
                  | [Jiyva's grace]
  5010 | D:7      | Gained mutation: Your flesh is very heat resistant. (rF++)
                  | [Jiyva's grace]
  5010 | D:7      | Gained mutation: Your flesh is almost immune to the effects
                  | of heat. (rF+++) [Jiyva's grace]
  5010 | D:7      | Gained mutation: Your muscles are strong. (Str +4, Int/Dex
                  | -1) [Jiyva's grace]
  5309 | D:7      | Reached ****** piety under Jiyva
  5629 | D:8      | Reached skill level 5 in Fighting
  5629 | D:8      | Reached skill level 5 in Dodging
  6048 | D:8      | Noticed a brown ugly thing
  6053 | D:8      | Reached XP level 10. HP: 86/98 MP: 9/9
  6060 | D:8      | Killed a brown ugly thing
  6261 | D:9      | Noticed a two-headed ogre
  6272 | D:9      | Killed a two-headed ogre
  6352 | D:9      | Found the +7 Throatcutter {drain, coup de grace}
  6356 | D:9      | Noticed a sixfirhy
  6530 | D:9      | Lost mutation: Your flesh is almost immune to the effects
                  | of cold. (rC+++) [Jiyva's grace]
  6530 | D:9      | Lost mutation: Your flesh is very cold resistant. (rC++)
                  | [Jiyva's grace]
  6530 | D:9      | Lost mutation: Your muscles are strong. (Str +4, Int/Dex
                  | -1) [Jiyva's grace]
  6530 | D:9      | Gained mutation: Your muscles are strong. (Str +4, Int/Dex
                  | -1) [Jiyva's grace]
  6530 | D:9      | Gained mutation: Your muscles are very strong. (Str +8,
                  | Int/Dex -2) [Jiyva's grace]
  6530 | D:9      | Gained mutation: Armour fits poorly on your pseudopods.
                  | [Jiyva's grace]
  6530 | D:9      | Gained mutation: Armour fits poorly on your large
                  | pseudopods. [Jiyva's grace]
  6531 | D:9      | Found a flagged portal.
  6546 | Bailey   | Entered a bailey
  6819 | Bailey   | Found an iron altar of Okawaru.
  6831 | Bailey   | Reached XP level 11. HP: 99/111 MP: 10/10
  6850 | Bailey   | Identified the +1 gold dragon scales of Syxaerep {rElec
                  | rPois rF+ rC+ Will+ Dex-5}
  7397 | D:9      | Found a runed translucent gate.
  7397 | D:9      | Found a runed translucent gate.
  7397 | D:9      | Found a runed translucent gate.
  7478 | D:9      | Found a staircase to the Lair.
  7621 | D:9      | Noticed Bediveer's ghost (novice DrTm)
  7990 | D:9      | Killed Bediveer's ghost
  8085 | D:10     | Entered Level 10 of the Dungeon
  8085 | D:10     | Found a staircase to the Orcish Mines.
  8116 | D:10     | Found a portal to a secret trove of treasure.
  8318 | D:10     | Noticed a two-headed ogre
  8347 | D:10     | Killed a two-headed ogre
  8418 | D:10     | Noticed a two-headed ogre
  8425 | D:10     | Killed a two-headed ogre
  8528 | D:10     | Reached skill level 10 in Fighting
  8528 | D:10     | Reached skill level 10 in Dodging
  8609 | D:10     | Noticed a lindwurm
  8609 | D:10     | Noticed a lindwurm
  8609 | D:10     | Noticed a lindwurm
  8609 | D:10     | Noticed a lindwurm
  8610 | D:10     | Noticed Maurice
  8618 | D:10     | Killed Maurice
  8658 | D:10     | Reached XP level 12. HP: 119/126 MP: 11/11
  8809 | D:11     | Reached skill level 1 in Armour
  8837 | D:11     | Found Koewu's Weapon Shop.
  8870 | D:11     | Lost mutation: Armour fits poorly on your large pseudopods.
                  | [Jiyva's grace]
  8870 | D:11     | Lost mutation: Your translucent skin reduces your foes'
                  | accuracy. (Stealth+) [Jiyva's grace]
  8870 | D:11     | Gained mutation: Armour fits poorly on your large
                  | pseudopods. [Jiyva's grace]
  8870 | D:11     | Gained mutation: Armour fits poorly on your massive
                  | pseudopods. [Jiyva's grace]
  8870 | D:11     | Gained mutation: Your translucent skin reduces your foes'
                  | accuracy. (Stealth+) [Jiyva's grace]
  8870 | D:11     | Gained mutation: Your transparent skin significantly
                  | reduces your foes' accuracy. (Stealth+) [Jiyva's grace]
  8901 | D:11     | Noticed a boulder beetle
  8924 | D:11     | Killed a boulder beetle
  8932 | D:11     | Found Erowogh's Assorted Antiques.
  9061 | D:11     | HP: 6/126 [yak (12)]
  9071 | D:11     | HP: 6/126 [spriggan simulacrum (5)]
  9126 | D:11     | Found a frozen archway.
  9342 | Lair:1   | Entered Level 1 of the Lair of Beasts
  9348 | Lair:1   | Reached skill level 5 in Armour
  9370 | Lair:1   | Found a transporter.
  9370 | Lair:1   | Found a transporter.
  9370 | Lair:1   | Noticed a boulder beetle
  9389 | Lair:1   | Killed a boulder beetle
  9649 | Lair:1   | Noticed Gastronok
  9661 | Lair:1   | Killed Gastronok
 10015 | Lair:2   | Reached skill level 1 in Long Blades
 10123 | Lair:2   | You fall into a shaft and drop 2 floors!
 10123 | Lair:4   | Noticed Josephine
 10138 | Lair:4   | Noticed Snorg
 10182 | Lair:3   | Killed Snorg
 10229 | Lair:3   | Reached XP level 13. HP: 133/133 MP: 12/12
 10248 | Lair:3   | Found a hole to the Spider Nest.
 10457 | Lair:3   | Reached skill level 5 in Long Blades
 10585 | Lair:3   | Lost mutation: Your flesh is almost immune to the effects
                  | of heat. (rF+++) [Jiyva's grace]
 10585 | Lair:3   | Lost mutation: Your muscles are very strong. (Str +8,
                  | Int/Dex -2) [Jiyva's grace]
 10585 | Lair:3   | Lost mutation: Armour fits poorly on your massive
                  | pseudopods. [Jiyva's grace]
 10585 | Lair:3   | Lost mutation: Armour fits poorly on your large pseudopods.
                  | [Jiyva's grace]
 10585 | Lair:3   | Lost mutation: Your transparent skin significantly reduces
                  | your foes' accuracy. (Stealth+) [Jiyva's grace]
 10585 | Lair:3   | Gained mutation: You have a small jelly attached to you
                  | that senses nearby items. [Jiyva's grace]
 10585 | Lair:3   | Gained mutation: You have large cloven feet. [Jiyva's
                  | grace]
 10585 | Lair:3   | Gained mutation: You have hoof-like feet. [Jiyva's grace]
 10585 | Lair:3   | Gained mutation: You have hooves in place of feet. [Jiyva's
                  | grace]
 11264 | Lair:4   | Found a staircase to the Slime Pits.
 11264 | Lair:4   | Found a viscous altar of Jiyva.
 11396 | Lair:4   | Killed Josephine
 11752 | Slime:1  | Entered Level 1 of the Pits of Slime
 11829 | Slime:1  | Noticed a quicksilver ooze
 11859 | Slime:1  | Noticed an acid blob
 11938 | Slime:1  | Noticed a quicksilver ooze
 11984 | Slime:2  | Noticed an acid blob
 11991 | Slime:2  | Noticed a rockslime
 12018 | Slime:2  | Noticed an azure jelly
 12035 | Slime:2  | Noticed an acid blob
 12068 | Slime:2  | Noticed an acid blob
 12134 | Slime:3  | Noticed an acid blob
 12164 | Slime:3  | Noticed an azure jelly
 12343 | Slime:4  | Noticed an acid blob
 12356 | Slime:4  | Noticed a quicksilver ooze
 12365 | Slime:4  | Noticed a rockslime
 12375 | Slime:4  | Noticed an acid blob
 12469 | Slime:4  | Noticed an azure jelly
 12499 | Slime:4  | Noticed an acid blob
 12556 | Slime:4  | Noticed a rockslime
 12570 | Slime:5  | Entered Level 5 of the Pits of Slime
 12585 | Slime:5  | Noticed an acid blob
 12641 | Slime:5  | Noticed an acid blob
 12655 | Slime:5  | Noticed an acid blob
 12667 | Slime:5  | Noticed an acid blob
 12681 | Slime:5  | Noticed a quicksilver ooze
 12688 | Slime:5  | Noticed a quicksilver ooze
 12717 | Slime:5  | Noticed an acid blob
 12736 | Slime:5  | Noticed an acid blob
 12744 | Slime:5  | Noticed an acid blob
 12747 | Slime:5  | Noticed the Royal Jelly
 12747 | Slime:5  | Noticed an acid blob
 12750 | Slime:5  | Noticed an acid blob
 12764 | Slime:5  | Noticed an acid blob
 12765 | Slime:5  | Noticed an acid blob
 12766 | Slime:5  | Noticed a rockslime
 12768 | Slime:5  | Noticed an azure jelly
 12769 | Slime:5  | Found a viscous altar of Jiyva.
 12770 | Slime:5  | Noticed an azure jelly
 12773 | Slime:5  | Noticed a rockslime
 12779 | Slime:5  | Got the Reference Book on Overcast Battling
 12788 | Slime:5  | Got a slimy rune of Zot
 12790 | Slime:5  | Got the Tome of Sepulchral Topology
 12844 | Slime:5  | Identified the +9 quarterstaff of the Usurping Gods {pain,
                  | rElec rPois SInv}
 12852 | Slime:5  | Identified the +7 dagger "Rupelic" {flame, rC+ Str+3}
 13338 | Lair:2   | HP: 6/133 [harpy (6)]
 13339 | Lair:2   | Mangled by a harpy

Illustrated notes

Levels and vault maps discovered:
D:1:      sevenhm_arrival_forest_fort_small_3, layout_basic,
          basic_ecumenical_altar, serial_bayou, serial_bayou_lake_a,
          serial_bayou_pond_e, serial_bayou_ford_a, serial_bayou_lagoon_a
D:2:      layout_basic, basic_altar
D:3:      layout_basic, dancing_weapons_uskayaw, mainiacjoe_overflow_alcove_1,
          minmay_misc_feat_five, minmay_unequal
D:4:      layout_loops_ring, minivault_19, nicolae_nh_ransacked_shop
D:5:      layout_loops_ring, gammafunk_temple_overflow_arena, temple_doors_ab,
          minmay_misc_feat_cross, minivault_4, minmay_fractal_squares_5,
          uniq_blork_the_orc, uniq_pikel, uniq_ijyb, uniq_edmund
D:6:      layout_cave_pods, cheibriados_altar_1,
          mainiacjoe_overflow_surrounded_room, portal_sewer_entry_b
D:7:      layout_cave_pods, serial_shops, shop, wad_floor_pattern_2
D:8:      cheibrodos_barr_body, layout_basic
D:9:      layout_roguey, david_lair_generic, enter_bailey_5,
          gammafunk_ghost_icy, dilly_guarded_unrand_throatcut
D:10:     minmay_four_partial_circles, layout_rooms,
          nicolae_trove_entry_isolated, minmay_lindwurm_lava, uniq_maurice
D:11:     layout_rooms, serial_shops, shop, portal_ice_cave_entry_ice_simulacra,
          nicolae_take_the_stairs
Lair:1:   gammafunk_boulding_lane, layout_hall_layers,
          infiniplex_staircase_pool_2, uniq_gastronok
Lair:2:   layout_cave_pods, nicolae_shoals_entry_roost, grunt_megastairs_5,
          lemuel_fruit_fields, lemuel_fruit_tree
Lair:3:   layout_roguey, spider_nest_entry_rubble, serial_bayou_shore_a
Lair:4:   layout_hall_layers, slime_entry_1, columned_hall_lemuel,
          grunt_megastairs_2, uniq_snorg, uniq_josephine
Slime:1:  layout_caves
Slime:2:  layout_caves
Slime:3:  layout_caves
Slime:4:  layout_caves
Slime:5

Skill      XL: |  1  2  3  4  5  6  7  8  9 10 11 12 13 |
---------------+----------------------------------------+-----
Unarmed Combat | 4 5 7 8 9 11 | 11.3
Fighting       | 3 6 8 10 | 10.2
Dodging        | 3 6 8 10 | 10.2
Armour         | 8 9 |  9.9
Long Blades    | 3 6 |  6.5
Stealth        | |  1.0

Action                     |  1- 3 |  4- 6 |  7- 9 | 10-12 | 13-15 || total
---------------------------+-------+-------+-------+-------+-------++-------
  Melee: Unarmed           |   102 |    98 |   310 |   656 |   179 ||  1345
         Punch             |     2 |     2 |    15 |    40 |    12 ||    71
         Pseudopods        |       |       |       |    94 |    50 ||   144
         Kick              |       |       |       |       |    58 ||    58
         Triple sword      |       |       |       |       |    15 ||    15
 Invoke: Oozemancy         |       |       |     1 |       |       ||     1
    Use: Scroll            |       |     1 |     4 |       |       ||     5
         Potion            |       |       |       |    13 |     2 ||    15
   Stab: Sleeping          |     1 |     4 |    11 |     4 |       ||    20
         Distracted        |       |     1 |     1 |       |       ||     2
 Armour: Robe              |    36 |    23 |    72 |    25 |       ||   156
         Gold dragon scale |       |       |       |   310 |   175 ||   485
  Dodge: Dodged            |    43 |    53 |   259 |   299 |    86 ||   740

Table legend: (Time is in decaauts)
 A = Elapsed time spent in this place.
 B = Non-inter-level travel time spent in this place.
 C = Inter-level travel time spent in this place.
 D = Time resting spent in this place.
 E = Time spent auto-exploring this place.
 F = Levels seen in this place.
 G = Mean time per level.
                   A        B        C        D        E       F      G
               +--------+--------+--------+--------+--------+-----+--------+
         Total |  13139 |  12642 |    497 |    539 |   8144 |  22 |  597.2 |
       Dungeon |   7918 |   7583 |    335 |    285 |   4982 |  11 |  719.8 |
          Lair |   2653 |   2583 |     70 |    139 |   1666 |   4 |  663.2 |
    Slime Pits |   1296 |   1204 |     92 |      0 |    970 |   5 |  259.2 |
         Sewer |    564 |    564 |      0 |      6 |    342 |   1 |  564.0 |
        Bailey |    706 |    706 |      0 |    109 |    184 |   1 |  706.0 |
               +--------+--------+--------+--------+--------+-----+--------+

Top non-repeatable levels by time:
     D:9: 1138 daAuts
  Lair:3: 1007 daAuts
     D:1: 859 daAuts
     D:7: 859 daAuts
     D:6: 828 daAuts
    D:10: 718 daAuts
  Bailey: 706 daAuts
     D:5: 704 daAuts
     D:4: 670 daAuts
     D:8: 645 daAuts
  Lair:4: 643 daAuts
  Lair:1: 618 daAuts
   Sewer: 564 daAuts
     D:2: 553 daAuts
    D:11: 493 daAuts
